 Dungeon Crawl Stone Soup version 0.24-a0-479-g9a978d2894 (webtiles) character file.

Game seed: 3547776026121644086

3157 pk666 the Thaumaturge (level 9, 0/45 HPs)
             Began as a Deep Elf Fire Elementalist on July 9, 2019.
             Was a Follower of Vehumet.
             Slain by a yak (8 damage)
             ... on level 9 of the Dungeon.
             The game lasted 00:27:08 (9472 turns).

pk666 the Thaumaturge (Deep Elf Fire Elementalist)  Turns: 9472, Time: 00:27:08

Health: 0/45       AC:  4    Str:  5    XL:     9   Next: 62%
Magic:  12/40      EV: 13    Int: 24    God:    Vehumet [*.....]
Gold:   400        SH:  0    Dex: 15    Spells: 16/29 levels left

rFire    + . .     SeeInvis .   v - staff of power
rCold    . . .     Gourm    .   (no shield)
rNeg     . . .     Faith    .   o - +2 robe {rF+}
rPois    +         Spirit   .   (no helmet)
rElec    .         Reflect  .   (no cloak)
rCorr    .         Harm     .   (no gloves)
MR       .....                  (no boots)
Stlth    +++.......             (no amulet)
HPRegen  0.15/turn              d - ring of stealth
MPRegen  0.27/turn              e - ring of poison resistance

@: very slightly contaminated
A: no striking features
a: Renounce Religion


You were on level 9 of the Dungeon.
You worshipped Vehumet.
Vehumet was aware of your devotion.
You were not hungry.

You visited 2 branches of the dungeon, and saw 10 of its levels.

You collected 428 gold pieces.
You spent 28 gold pieces at shops.

Inventory:

Hand Weapons
 i - a +0 dagger
Armour
 o - a +2 robe of fire resistance (worn)
Magical Staves
 v - an uncursed staff of power (weapon)
 B - an uncursed staff of earth
Jewellery
 d - a ring of stealth (left hand)
 e - a ring of poison resistance (right hand)
Wands
 r - a wand of clouds (4)
 w - a wand of flame (23)
 x - a wand of enslavement (16)
 A - a wand of polymorph (2)
 E - a wand of disintegration (6)
 G - a wand of acid (4)
Scrolls
 b - 5 scrolls of teleportation
 f - a scroll of remove curse
 g - 3 scrolls of identify
 h - 2 scrolls of enchant armour
 j - 2 scrolls of blinking
 k - 3 scrolls of magic mapping
 l - 2 scrolls of fog
 p - a scroll of random uselessness {unknown}
 s - 3 scrolls of fear
 y - a scroll of noise {unknown}
 D - 2 scrolls of amnesia {unknown}
Potions
 a - a potion of mutation
 m - 2 potions of lignification
 n - 4 potions of curing
 q - a potion of heal wounds
 t - 3 potions of ambrosia
 u - 2 potions of might
 z - 2 potions of flight
 C - a potion of resistance
 F - a potion of haste
Comestibles
 c - 14 rations


   Skills:
 - Level 3.3 Dodging
 - Level 2.4 Stealth
 + Level 10.5 Spellcasting
 + Level 8.5 Conjurations
 + Level 9.1 Fire Magic


You had 16 spell levels left.
You knew the following spells:

 Your Spells              Type           Power        Failure   Level  Hunger
a - Flame Tongue          Conj/Fire      #####        1%          1    None
b - Conjure Flame         Conj/Fire      ######..     1%          3    None
c - Sticky Flame          Conj/Fire      ######..     1%          4    None
d - Fireball              Conj/Fire      ######....   3%          5    ####...

Your spell library contained the following spells:

 Spells                   Type           Power        Failure   Level  Hunger
 Magic Dart               Conj           ####         1%          1    None
 Throw Flame              Conj/Fire      ######       1%          2    None
 Inner Flame              Hex/Fire       ####....     2%          3    None
 Confusing Touch          Hex            ##....       4%          1    None
 Confuse                  Hex            ##......     16%         3    None
 Gell's Gravitas          Tloc           ##........   16%         3    None
 Petrify                  Tmut/Erth      ##......     45%         4    None
 Metabolic Englaciation   Hex/Ice        ##........   80%         5    ####...
 Yara's Violent Unravell  Hex/Tmut       ##........   80%         5    ####...


Dungeon Overview and Level Annotations

Branches:
Dungeon (9/15)             Temple (1/1) D:4
   Lair: D:8-11         Orc: D:9-12

Altars:
Ashenzari
Cheibriados
Dithmenos
Elyvilon
Gozag
Hepliaklqana
Kikubaaqudgha
Makhleb
Nemelex Xobeh
Okawaru
Qazlal
Ru
Sif Muna
Trog
Uskayaw
Vehumet
Wu Jian
Xom
Yredelemnul
Zin
The Shining One

Shops:
D:5 }   D:7 =   D:8 ?


Message History

The fire ignites!
A yak comes into view. 2 yaks and a worker ant come into view.
The yak is engulfed in blazing flames.
A yak comes into view.
The yak moves out of view.
You strike the helpless yak from behind!
You hit the yak.
The yak is lightly wounded.
The yak gores you!
The yak is engulfed in blazing flames.
The yak gores you.
A sky beast comes into view.
The yak is engulfed in blazing flames.
Things that are here:
a +0 shortbow; 14 arrows; a centaur corpse A troll comes into view.
The yak gores you but does no damage.
You closely miss the troll. The troll bites you!
* * * LOW HITPOINT WARNING * * *
The troll barely misses you. The troll closely misses you. The yak gores you!
You die...

### ######## #.#
#......# ... #.####.#
#####.# #.# #.# #.).#.#
#.# #.# #.#.#Y###.# #.#
####Y#..Y@...####.#
#Y.Y(###.#T.......#
#.#.##Y#......#.########
#...aY.#.######.#
.....Y.h#(# #.#
5#......#.######.#
#......#.#......#
#......#......###
#......###.#...#


You could see 2 yaks and a troll.

Vanquished Creatures
  Grinder (D:6)
  A hippogriff (D:7)
  Eustachio (D:6)
  A yak (D:9)
  Edmund (D:5)
  Menkaure (D:6)
  2 orc warriors
  4 ogres
  3 centaurs
  6 bullfrogs
  Blork the orc (D:6)
  4 scorpions
  2 quasits
  A hound (D:9)
  2 orc priests
  2 jellies
  2 bullfrog skeletons
  An iguana (D:6)
  6 orc wizards
  2 worker ants
  A hound skeleton (D:5)
  11 gnolls
  9 adders
  3 shadow imps
  2 adder zombies
  2 adder skeletons
  3 worms (D:2)
  A dart slug (D:1)
  4 leopard geckos
  16 orcs
  8 bats
  5 giant cockroaches
  6 goblins
  11 hobgoblins
  9 kobolds
  2 quokkas
  6 ball pythons
  6 frilled lizards
  A jackal skeleton (D:6)
  A leopard gecko skeleton (D:8)
  A quokka skeleton (D:8)
  A quokka zombie (D:7)
  10 rats
163 creatures vanquished.

Notes
Turn   | Place    | Note
-------+----------+-------------------------------------------
     0 | D:1      | pk666 the Deep Elf Fire Elementalist began the quest for
                  | the Orb.
     0 | D:1      | Reached XP level 1. HP: 10/10 MP: 6/6
   538 | D:1      | Reached XP level 2. HP: 15/15 MP: 4/8
  1106 | D:2      | Reached XP level 3. HP: 17/19 MP: 6/10
  1427 | D:2      | Reached XP level 4. HP: 24/24 MP: 5/11
  1472 | D:1      | Learned a level 3 spell: Conjure Flame
  1477 | D:1      | Learned a level 4 spell: Sticky Flame
  1519 | D:2      | Reached skill level 4 in Spellcasting
  2905 | D:4      | Found a white marble altar of Elyvilon.
  2911 | D:4      | Reached XP level 5. HP: 28/28 MP: 9/13
  2931 | D:4      | Noticed an ogre
  3233 | D:4      | Found a staircase to the Ecumenical Temple.
  3244 | Temple   | Entered the Ecumenical Temple
  3348 | D:4      | Killed an ogre
  3348 | D:4      | Reached skill level 5 in Spellcasting
  3348 | D:4      | Reached XP level 6. HP: 32/32 MP: 9/16
  3397 | D:4      | Learned a level 5 spell: Fireball
  3495 | D:4      | Reached skill level 5 in Fire Magic
  3726 | D:4      | Found an ancient bone altar of Kikubaaqudgha.
  3734 | D:4      | Found an ornate altar of the Wu Jian Council.
  3994 | D:5      | Entered Level 5 of the Dungeon
  4303 | D:5      | Reached skill level 6 in Spellcasting
  4303 | D:5      | Reached XP level 7. HP: 36/36 MP: 12/18
  4509 | D:5      | Noticed Edmund
  4520 | D:5      | Found a radiant altar of Vehumet.
  4643 | D:5      | Found Fathuabipp's Gadget Boutique.
  4885 | D:6      | Reached skill level 5 in Conjurations
  5247 | D:6      | Noticed Eustachio
  5248 | D:6      | Noticed Grinder
  5308 | D:6      | Killed Eustachio
  5308 | D:6      | Reached skill level 7 in Spellcasting
  5391 | D:6      | Killed Grinder
  5391 | D:6      | Reached XP level 8. HP: 41/41 MP: 13/21
  5511 | D:6      | Noticed Menkaure
  5524 | D:6      | Killed Menkaure
  5623 | D:6      | Reached skill level 8 in Spellcasting
  5658 | D:6      | Noticed Blork the orc
  5664 | D:6      | Killed Blork the orc
  6357 | D:7      | Reached skill level 9 in Spellcasting
  6597 | D:5      | Became a worshipper of Vehumet
  6629 | D:7      | Found an iron altar of Okawaru.
  6660 | D:7      | Noticed a hippogriff
  6672 | D:7      | Killed a hippogriff
  6672 | D:7      | Reached XP level 9. HP: 45/45 MP: 13/24
  7169 | D:7      | Found Emahus's Jewellery Shop.
  7331 | D:8      | Found a hide-covered altar of Uskayaw.
  7333 | D:8      | Found a basalt altar of Yredelemnul.
  7335 | D:8      | Found a snail-covered altar of Cheibriados.
  7493 | D:8      | Noticed a red ugly thing
  7888 | D:5      | Killed Edmund
  8509 | D:8      | Found Hokkitink's Magic Scroll Emporium.
  8517 | D:8      | Reached skill level 10 in Spellcasting
  8588 | D:8      | Bought a scroll of fog for 28 gold pieces
  9446 | D:9      | Reached * piety under Vehumet
  9446 | D:9      | Offered knowledge of Magic Dart by Vehumet.
  9471 | D:9      | Noticed a troll
  9472 | D:9      | Slain by a yak

Levels and vault maps discovered:
D:1:      eino_arrival_cavern_a, layout_rooms, hangedman_decor_slide_cut
D:2:      layout_rooms
D:3:      layout_loops_cross
D:4:      layout_cave_pools, lemuel_round_altar, overflow_temple_1_default,
          overflow_temple_1_default, minmay_temple_entry_proselytizer,
          lightli_ossuary_entry_decrepit_ruins, first_ration, sigmund_army
D:5:      layout_rooms, nicolae_overflow_hidden_temple, serial_shops,
          kennysheep_mini_moat, uniq_edmund
D:6:      layout_gridville, uniq_blork_the_orc, uniq_menkaure, uniq_eustachio,
          uniq_grinder
D:7:      layout_basic, serial_shops, shop_fountains, okawaru_trees_2
D:8:      layout_basic, gammafunk_temple_overflow_forgotten, serial_shops, shop,
          hangedman_decor_diamond_cutter
D:9:      layout_basic, old_standard_altar
Temple:   jpeg_temple_clearing

Skill      XL: |  1  2  3  4  5  6  7  8  9 |
---------------+----------------------------+-----
Dodging        | 3 |  3.3
Conjurations   | 2 3 4 5 7 8 |  8.5
Spellcasting   | 4 5 6 7 9 10 | 10.5
Fire Magic     | 4 5 6 8 9 |  9.1
Stealth        | |  2.4

Action                   |  1- 3 |  4- 6 |  7- 9 || total
-------------------------+-------+-------+-------++-------
Melee: Dagger            |       |     6 |    10 ||    16
       Staff             |       |       |     2 ||     2
 Cast: Flame Tongue      |    78 |   133 |   167 ||   378
       Conjure Flame     |       |     2 |    19 ||    21
       Sticky Flame      |       |       |    12 ||    12
       Fireball          |       |       |    15 ||    15
Evoke: Wand              |       |       |     5 ||     5
  Use: Potion            |     1 |       |       ||     1
       Scroll            |       |     1 |    14 ||    15
 Stab: Distracted        |       |       |     1 ||     1
  Eat: Chunk             |     1 |     6 |     8 ||    15
       Ration            |       |     1 |     3 ||     4
Armor: Robe              |     1 |     6 |    20 ||    27
Dodge: Dodged            |    24 |    40 |    39 ||   103

Table legend:
 A = Non-vault XP
 B = Vault XP
 C = Vault XP percentage of total XP
 D = Non-vault monster count
 E = Vault monster count
 F = Vault count percentage of total count
                 A         B        C        D         E       F
            +---------+---------+-------+---------+---------+-------
      Total |    3550 |     961 |  21.3 |     152 |      11 |   6.7
            +---------+---------+-------+---------+---------+-------
        D:1 |      39 |       0 |   0.0 |      22 |       0 |   0.0
        D:2 |      96 |       0 |   0.0 |      32 |       0 |   0.0
        D:3 |      50 |       0 |   0.0 |      18 |       0 |   0.0
        D:4 |     220 |      58 |  20.9 |      10 |       6 |  37.5
        D:5 |     542 |     176 |  24.5 |      15 |       1 |   6.2
        D:6 |     486 |     727 |  59.9 |       9 |       4 |  30.8
        D:7 |     945 |       0 |   0.0 |      16 |       0 |   0.0
        D:8 |     535 |       0 |   0.0 |      21 |       0 |   0.0
        D:9 |     637 |       0 |   0.0 |       9 |       0 |   0.0
            +---------+---------+-------+---------+---------+-------
